 Dungeon Crawl Stone Soup version 0.29.0-3-gbb0933ed62 (webtiles) character file.

Game seed: 12622356315173671208

14 capttripps the Grasshopper (level 2, -4/25 HPs)
             Began as a Ghoul Warper on Aug 26, 2022.
             Slain by a gnoll
             ... wielding a +0 flail
              (14 damage)
             ... on level 1 of the Dungeon.
             The game lasted 00:04:22 (224 turns).

capttripps the Grasshopper (Ghoul Warper)            Turns: 224, Time: 00:04:23

Health: -4/25      AC:  3    Str: 14    XL:     2   Next: 41%
Magic:  3/3        EV: 11    Int:  8    God:
Gold:   6          SH:  0    Dex:  8    Spells: 4/4 levels left

rFire   . . .      SeeInvis .     - Unarmed
rCold   + . .      Faith    .   (no shield)
rNeg    + + +      Spirit   .   a - +0 leather armour
rPois   ∞          Reflect  .   (no helmet)
rElec   .          Harm     .   (no cloak)
rCorr   .          Rampage  .   (no gloves)
Will    .....                   (no boots)
Stlth   +.........              (no amulet)
HPRegen 0.00/turn               (no ring)
MPRegen 0.08/turn               (no ring)

@: inhibited regen
A: claws 1, cold resistance 1, negative energy resistance 3, inhibited
regeneration, torment resistance 2, devour on kill
a: no special abilities


You were on level 1 of the Dungeon.
You visited 1 branch of the dungeon, and saw 1 of its levels.

You collected 6 gold pieces.

Inventory:

Missiles
 c - 7 boomerangs of dispersal (quivered)
Armour
 a - a +0 leather armour (worn)
Scrolls
 b - a scroll of blinking
 e - a scroll of identify {unknown}
Potions
 d - a potion of curing {unknown}
 f - a potion of mutation {unknown}
 g - a potion of degeneration {unknown}


   Skills:
 + Level 2.3 Fighting
 + Level 0.8 Throwing
 + Level 1.0 Armour
 + Level 2.0 Dodging
 + Level 2.2 Unarmed Combat
 + Level 1.8 Spellcasting
 + Level 3.0 Translocations


You had 4 spell levels left.
You didn't know any spells.
Your spell library contained the following spells:

 Spells                   Type           Power      Damage    Failure   Level
 Blink                    Tloc           10%        N/A       19%         2
 Gell's Gravitas          Tloc           5%         N/A       36%         3
 Lesser Beckoning         Tloc           5%         N/A       36%         3
 Teleport Other           Tloc           5%         N/A       36%         3
 Manifold Assault         Tloc           5%         N/A       98%         5


Dungeon Overview and Level Annotations

Branches:
Dungeon (1/15)

Altars:


Innate Abilities, Weirdness & Mutations

You are immune to poison.
You have sharp fingernails.
Your flesh is cold resistant. (rC+)
You are immune to negative energy. (rN+++)
You do not regenerate when monsters are visible.
You are immune to unholy pain and torment.
You thrive by killing the living.


Message History

The giant cockroach is severely wounded.
The giant cockroach barely misses you.
You scratch the giant cockroach.
The giant cockroach is almost dead.
The giant cockroach bites you.
You scratch the giant cockroach.
The giant cockroach is almost dead.
The giant cockroach closely misses you.
You scratch the giant cockroach.
You kill the giant cockroach!
You feel better.
f - a white potion
There are no items here.
A rat comes into view.
Found an amethyst potion.
The rat barely misses you.
You scratch the rat.
You kill the rat!
Your Armour skill increases to level 1!
You see here a rat corpse.
g - an amethyst potion You see here a rat corpse.
Found a scroll labelled ZUEWKO DAY.
You now have 6 gold pieces.
A gnoll comes into view. It is wielding a +0 flail.
You scratch the gnoll but do no damage. The gnoll hits you with a +0 flail.
You closely miss the gnoll. You scratch the gnoll.
The gnoll is moderately wounded.
The gnoll barely misses you.
You barely miss the gnoll.
The gnoll is moderately wounded.
The gnoll misses you.
You scratch the gnoll but do no damage.
The gnoll is moderately wounded.
The gnoll barely misses you.
You barely miss the gnoll.
The gnoll is moderately wounded.
The gnoll hits you with a +0 flail!
Ouch! That really hurt!
You die...

#.♣♣♣♣ #..# #..#
#.## ###.....#
#..# #.#
.........# #.##
#.##.# #.....# #.#
#.#..# ..... #.#
##...# .... #.#
#...## #.. ..###
#.#.# #g#
#...###.#.# #@#
..#†......# ####.#
.##......####....#
.#..♣P........####
.#.....########
...###.# ...# #.#
.♣.♣ #.# .♣.♣ ...


You could see a gnoll.

Vanquished Creatures
  A dart slug (D:1)
  2 endoplasms (D:1)
  A giant cockroach (D:1)
  A goblin (D:1)
  A kobold (D:1)
  2 ball pythons (D:1)
  A bat (D:1)
  2 rats (D:1)
11 creatures vanquished.

Vanquished Creatures (others)
  4 plants (D:1)
4 creatures vanquished.

Grand Total: 15 creatures vanquished

Notes
Turn   | Place    | Note
-------+----------+-------------------------------------------
     0 | D:1      | capttripps the Ghoul Warper began the quest for the Orb.
     0 | D:1      | Reached XP level 1. HP: 17/17 MP: 2/2
   110 | D:1      | Reached XP level 2. HP: 23/25 MP: 3/3
   115 | D:1      | Reached skill level 3 in Translocations
   188 | D:1      | Reached skill level 1 in Armour
   224 | D:1      | Slain by a gnoll

Illustrated notes

Levels and vault maps discovered:
D:1:      nzn_arrival_crosshair, layout_rooms, serial_forest,
          infiniplex_forest_straight_4, infiniplex_forest_clump_double,
          infiniplex_forest_clump_long, infiniplex_forest_straight_1,
          infiniplex_forest_clump_large, infiniplex_forest_clump_tiny,
          grunt_decor_arrowhead, minmay_misc_feat_pillars

Skill      XL: |  1  2 |
---------------+-------+-----
Dodging        | 2 |  2.0
Translocations | 3 |  3.0
Armour         | 1 |  1.0
Fighting       | |  2.3
Throwing       | |  0.8
Unarmed Combat | |  2.2
Spellcasting   | |  1.8

Action                   || total
-------------------------++-------
Melee: Unarmed           ||    58
       Punch             ||     1
Armor: Leather armour    ||    21
Dodge: Dodged            ||    38
